 Dungeon Sprint DCSS version 0.27.1-33-g824d729ab1 (webtiles) character file.

Game seed: 13473596935347554378

107 Hipnos the Covert (level 4, -1/23 HPs)
             Began as a Spriggan Brigand on Nov 26, 2021.
             Slain by Sigmund (9 damage)
             ... in the Dungeon (Sprint I: "Red Sonja").
             The game lasted 00:01:18 (334 turns).

Hipnos the Covert (Spriggan Brigand)                 Turns: 334, Time: 00:01:18

Health: -1/23      AC:  3    Str:  7    XL:     4   Next: 57%
Magic:  5/5        EV: 17    Int: 12    God:
Gold:   54         SH:  0    Dex: 17    Spells: 3/3 levels left

rFire    . . .     SeeInvis +   a - +2 dagger
rCold    . . .     Faith    .   (shield restricted)
rNeg     . . .     Spirit   .   b - +0 robe
rPois    .         Reflect  .   (helmet restricted)
rElec    .         Harm     .   c - +0 cloak
rCorr    .         Rampage  .   (gloves unavailable)
Will     .....     NoTele   +   (boots unavailable)
Stlth    +++++.....             (no amulet)
HPRegen  0.07/turn              (no ring)
MPRegen  0.09/turn              (no ring)

@: very quick
A: very small, no large weapons, unfitting armour, see invisible, speed 3
a: no special abilities


You were in the Dungeon.
You visited 1 branch You collected 54 gold pieces.

Inventory:

Hand Weapons
 a - a +2 dagger (weapon)
Missiles
 d - 5 poisoned darts (quivered)
Armour
 b - a +0 robe (worn)
 c - a +0 cloak (worn)
Scrolls
 k - a scroll of blinking
Potions
 f - a potion of curing
 g - a potion of heal wounds
 h - a potion of haste
 i - 2 potions of magic


   Skills:
 + Level 2.4 Fighting
 + Level 3.3 Short Blades
 + Level 3.1 Throwing
 + Level 2.1 Dodging
 * Level 13.2 Stealth


You had 3 spell levels left.
You didn't know any spells.
Your spell library was empty.

Dungeon Overview and Level Annotations

Branches:
Dungeon (1/1)

Altars:

Annotations:
D Sigmund


Innate Abilities, Weirdness & Mutations

You are very small and have problems with some larger weapons.
You are too small for most types of armour.
You have supernaturally acute eyesight. (SInv)
You cover ground extremely quickly. (Speed+++)


Message History

You're too confused to move!
You feel less confused.
Sigmund flickers, as though insubstantial.
Sigmund barely misses you.
You hit Sigmund but do no damage. You hit Sigmund.
Sigmund is lightly wounded.
Sigmund barely misses you.
You hit Sigmund.
Sigmund is moderately wounded.
You barely miss Sigmund.
Sigmund is moderately wounded.
Sigmund casts a spell at you. The puff of flame misses you.
You barely miss Sigmund.
Sigmund is moderately wounded.
Sigmund misses you.
You hit Sigmund.
Sigmund is moderately wounded.
You hit Sigmund.
Sigmund is moderately wounded.
Sigmund casts a spell at you.
You easily resist.
You hit Sigmund.
Sigmund is heavily wounded.
Sigmund hits you with a +0 scythe!
You hit Sigmund but do no damage.
Sigmund is heavily wounded.
Throw: 6 darts (poison)
Press: ? - help, Q - select action Shift-Dir - straight line, f - Sigmund
Aim: Sigmund, wielding a +0 scythe and wearing a +0 robe (heavily wounded, 58% to hit)
You throw a poisoned dart. The poisoned dart hits Sigmund.
Sigmund is poisoned.
Sigmund is heavily wounded.
Sigmund barely misses you.
You closely miss Sigmund.
Sigmund is severely wounded.
You hit Sigmund.
Sigmund is severely wounded.
Sigmund hits you with a +0 scythe!
You die...

#############
#<.#.)'..#@@+
#..'..#..'(.#
#..#####'####
#..# #..#
#..# ####
#.)# #⌠⌠#
####


You could see Sigmund (poisoned).

Vanquished Creatures
  An ogre (D)
  Ijyb (D)
2 creatures vanquished.

Notes
Turn   | Place    | Note
-------+----------+-------------------------------------------
     0 | D        | Hipnos the Spriggan Brigand began the quest for the Orb.
     0 | D        | Reached XP level 1. HP: 10/10 MP: 2/2
     1 | D        | Noticed Ijyb
    20 | D        | Killed Ijyb
    21 | D        | Reached skill level 9 in Stealth
    21 | D        | Reached XP level 2. HP: 3/15 MP: 3/3
   265 | D        | Noticed an ogre
   286 | D        | Killed an ogre
   287 | D        | Reached skill level 13 in Stealth
   287 | D        | Reached XP level 3. HP: 19/19 MP: 4/4
   287 | D        | Reached XP level 4. HP: 23/23 MP: 5/5
   313 | D        | Noticed Sigmund
   334 | D        | Slain by Sigmund

Illustrated notes

Levels and vault maps discovered:
D:        dungeon_sprint_1 [red_sonja_temple_1, red_sonja_temple_small_1]

Skill      XL: |  1  2 |
---------------+-------+-----
Fighting       | 2 |  2.4
Stealth        | 9 13 | 13.2
Short Blades   | 3 |  3.3
Throwing       | 3 |  3.1
Dodging        | 2 |  2.1

Action                   |  1- 3 |  4- 6 || total
-------------------------+-------+-------++-------
Melee: Dagger            |    19 |    11 ||    30
Throw: Dart              |     7 |     5 ||    12
  Use: Potion            |     1 |       ||     1
Armor: Robe              |     2 |     1 ||     3
Dodge: Dodged            |     9 |     6 ||    15
